 Dungeon Crawl Stone Soup version 0.30-a0-862-g1aabd4f9c5 (webtiles) character file.

Game seed: 18328065295362602992

5557 Grim the Basher (level 10, -14/104 HPs)
             Began as an Ogre Berserker on Mar 9, 2023.
             Was a Believer of Trog.
             Shot with an arrow by a centaur warrior (15 damage)
             ... on level 8 of the Dungeon.
             The game lasted 00:14:36 (9607 turns).

Grim the Basher (Ogre Berserker)                    Turns: 9607, Time: 00:14:36

Health: -14/104    AC:  7    Str: 25    XL:     10   Next: 71%
Magic:  10/10      EV: 10    Int:  8    God:    Trog [**....]
Gold:   210        SH:  0    Dex: 10    Spells: 9/9 levels left

rFire   . . .      SeeInvis .    J - +5 whip of Terra Nullius {freeze, Will+}
rCold   . . .      Faith    .    (no shield)
rNeg    . . .      Spirit   .    I - +0 steam dragon scales
rPois   .          Reflect  .    (helmet restricted)
rElec   .          Rampage  .    k - +0 cloak
rCorr   +                        (gloves unavailable)
Will    +++..                    (boots unavailable)
Stlth   +                        (no amulet)
HPRegen 0.37/turn                g - ring of willpower
MPRegen 0.12/turn                x - ring of resist corrosion

@: marked, on berserk cooldown, attractive, slowed, very slow
A: large, unfitting armour, tough skin 1
a: Renounce Religion, Berserk, Trog's Hand


You were on level 8 of the Dungeon.
You worshipped Trog.
Trog was pleased with you.
You visited 1 branch of the dungeon, and saw 9 of its levels.

You collected 397 gold pieces.
You spent 187 gold pieces at shops.

Inventory:

Hand Weapons
 a - a +0 mace
 v - a +0 giant club
 z - a +0 dire flail of protection
 E - a +2 heavy flail
 J - the +5 whip of Terra Nullius (weapon) {freeze, Will+}
   (You bought it in a shop on level 7 of the Dungeon)

   Will:      It increases your willpower.
Missiles
 o - a boomerang
 A - 6 atropa-tipped darts (quivered)
 C - 4 curare-tipped darts
 H - 15 poisoned darts
Armour
 b - a +0 animal skin
 k - a +0 cloak (worn)
 w - a +2 robe of the Archmagi
 I - +0 steam dragon scales (worn)
Jewellery
 g - a ring of willpower (left hand)
 p - a ring of magical power
 x - a ring of resist corrosion (right hand)
 G - a ring of flight
Wands
 D - a wand of mindburst (25)
 F - a wand of flame (20)
 L - a wand of paralysis (9)
Scrolls
 e - a scroll of acquirement {unknown}
 f - a scroll of immolation {unknown}
 i - 2 scrolls of teleportation {unknown}
 j - 11 scrolls of identify {unknown}
 l - 2 scrolls of amnesia {unknown}
 m - 3 scrolls of magic mapping {unknown}
 s - a scroll of fog {unknown}
 t - 3 scrolls of vulnerability {unknown}
 u - a scroll of noise {unknown}
 y - a scroll of torment {unknown}
 B - 4 scrolls of butterflies {unknown}
 K - 2 scrolls of enchant armour {unknown}
Potions
 c - 2 potions of flight {unknown}
 d - a potion of might {unknown}
 h - a potion of attraction
 n - 2 potions of mutation {unknown}
 q - a potion of curing {unknown}
 r - a potion of degeneration {unknown}


   Skills:
 - Level 8.2 Fighting
 * Level 13.6 Maces & Flails
 - Level 2.6 Dodging


You had 9 spell levels left.
You didn't know any spells.
Your spell library was empty.

Dungeon Overview and Level Annotations

Branches:
Dungeon (9/15)             Temple (0/1) D:6            Lair (0/5) D:8
    Orc: D:9-12

Altars:
Fedhas
Gozag
Kikubaaqudgha
Nemelex Xobeh
Ru
Sif Muna
Uskayaw
Xom

Shops:
D:7 (

Annotations:
D:3 3 runed translucent doors, What's ghost, amateur TrGl


Innate Abilities, Weirdness & Mutations

You are too large for most types of armour.
You have tough skin. (AC +1)


Message History

You miss the spriggan.
A troll comes into view.
You whack the spriggan! You freeze the spriggan.
The spriggan is heavily wounded.
The spriggan hits you.
You whack the spriggan! You freeze the spriggan.
You kill the spriggan!
Trog accepts your kill.
The spriggan's shape twists and changes as it dies.
A centaur warrior comes into view.
You feel a strong urge to attack something.
The centaur warrior wields a +0 longbow.
The centaur warrior shoots an arrow.
The arrow barely misses you.
Found a dagger.
Found a stone staircase leading up.
You feel your anger nearly subside.
You are no longer berserk.
You are exhausted.
You feel yourself slow down. The troll barely misses you. The troll claws you!
The troll closely misses you.
You whack the troll! You freeze the troll.
The troll is heavily wounded.
The troll bites you but does no damage. The troll claws you! x2
You whack the troll! You freeze the troll.
The troll is heavily wounded.
The centaur warrior shoots an arrow.
The arrow hits you!!
* * * LOW HITPOINT WARNING * * *
You whack the troll! You freeze the troll.
The troll is almost dead.
The centaur warrior shoots an arrow.
The arrow hits you!!
* * * LOW HITPOINT WARNING * * *
The troll barely misses you. The troll claws you.
* * * LOW HITPOINT WARNING * * *
The troll claws you!
* * * LOW HITPOINT WARNING * * *
Okay, then.
It was a potion of attraction.
You feel attractive to monsters.
The centaur warrior shoots an arrow.
The arrow hits you!!
* * * LOW HITPOINT WARNING * * *
The centaur warrior shoots an arrow.
The arrow hits you!
You die...

#...##.........
#.###.......#..
##..........#..
##..#........... #..
#.....)..... ######
#.#####.........
##.....##.†.....##......
#..........########>#.|#
<......@..## ###.##..
.....cT...# ####...####
.............#....#.# #
.....#########.####.#
..... #...##.# )...
#....#.# # ...
#......#### ...
#.......... #.....##>##


You could see a centaur warrior and a troll.

Vanquished Creatures
  Maggie (D:7)
  An unseen horror zombie (D:8)
  A spriggan (shapeshifter) (D:8)
  Sigmund (D:6)
  2 yaks (D:8)
  A steam dragon (D:9)
  Edmund (D:6)
  5 water moccasins
  4 black bears
  2 ogres
  A phantom (D:5)
  A centaur (D:8)
  A kobold brigand (D:7)
  A gnoll sergeant (D:8)
  3 necrophages (D:8)
  7 bullfrogs
  4 scorpions
  3 wyvern zombies (D:8)
  6 wights (D:8)
  13 killer bees
  Crazy Yiuf (D:2)
  A centaur zombie (D:8)
  A human zombie (D:8)
  4 jellies
  2 orc priests
  A gnoll bouda (D:6)
  4 hounds
  Jessica (D:2)
  An iguana (D:6)
  Ijyb (D:4)
  3 orc wizards
  Terence (D:2)
  2 mummies (D:8)
  5 adders
  14 gnolls
  A river rat (D:4)
  3 shadow imps
  4 white imps
  An ufetubus (D:4)
  5 worms
  2 dart slugs
  13 orcs
  7 ball pythons
  6 bats
  5 endoplasms
  3 giant cockroaches
  4 goblins
  6 hobgoblins
  2 quokkas
  4 frilled lizards (D:1)
  A goblin zombie (D:4)
  7 kobolds
  A quokka zombie (D:4)
  4 rats
180 creatures vanquished.

Vanquished Creatures (others)
  4 kobolds (D:7)
  53 fungi (D:8)
  58 plants (D:8)
115 creatures vanquished.

Grand Total: 295 creatures vanquished

Notes
Turn   | Place    | Note
-------+----------+-------------------------------------------
     0 | D:1      | Grim the Ogre Berserker began the quest for the Orb.
     0 | D:1      | Reached XP level 1. HP: 24/24 MP: 1/1
    98 | D:1      | Reached skill level 3 in Maces & Flails
    99 | D:1      | Reached XP level 2. HP: 32/32 MP: 2/2
   335 | D:1      | Reached XP level 3. HP: 32/40 MP: 3/3
   667 | D:2      | Noticed Jessica
   672 | D:2      | Killed Jessica
   717 | D:2      | You fall into a shaft and drop 2 floors!
   767 | D:4      | Reached XP level 4. HP: 39/49 MP: 4/4
  1139 | D:2      | Reached skill level 4 in Maces & Flails
  1227 | D:2      | Noticed Terence
  1236 | D:2      | Reached skill level 5 in Fighting
  1246 | D:2      | Killed Terence
  1531 | D:2      | Reached ** piety under Trog
  1779 | D:2      | Found a runed translucent door.
  1780 | D:2      | Noticed Crazy Yiuf
  1924 | D:2      | Killed Crazy Yiuf
  1925 | D:2      | Reached XP level 5. HP: 57/57 MP: 5/5
  2339 | D:3      | Found a runed translucent gate.
  2339 | D:3      | Found a runed translucent gate.
  2339 | D:3      | Found a runed translucent gate.
  2642 | D:3      | Found a shimmering altar of Xom.
  2839 | D:3      | Noticed What's ghost (amateur TrGl)
  3002 | D:4      | Found a sacrificial altar of Ru.
  3039 | D:4      | Reached skill level 5 in Maces & Flails
  3230 | D:4      | Noticed Ijyb
  3231 | D:4      | Paralysed by Ijyb for 5 turns
  3240 | D:4      | Paralysed by Ijyb for 4 turns
  3263 | D:4      | Killed Ijyb
  3264 | D:4      | Reached XP level 6. HP: 32/67 MP: 6/6
  3488 | D:4      | Found a sparkling altar of Nemelex Xobeh.
  3955 | D:5      | Entered Level 5 of the Dungeon
  4019 | D:5      | Noticed a water moccasin
  4025 | D:5      | Killed a water moccasin
  4026 | D:5      | Reached skill level 6 in Maces & Flails
  4026 | D:5      | Reached XP level 7. HP: 76/76 MP: 7/7
  5270 | D:5      | Identified the +3 spear of Taxation {freeze, Drain rElec
                  | rF+ Str+3}
  5424 | D:5      | Reached skill level 7 in Maces & Flails
  5655 | D:5      | Reached XP level 8. HP: 86/88 MP: 8/8
  5738 | D:6      | Noticed Sigmund
  5750 | D:6      | Killed Sigmund
  5813 | D:6      | Found a blossoming altar of Fedhas.
  6013 | D:6      | Noticed Edmund
  6021 | D:6      | Killed Edmund
  6022 | D:6      | Reached skill level 8 in Maces & Flails
  6400 | D:6      | Found a hide-covered altar of Uskayaw.
  6413 | D:6      | Reached skill level 9 in Maces & Flails
  6437 | D:6      | Found a staircase to the Ecumenical Temple.
  6500 | D:6      | Reached XP level 9. HP: 96/96 MP: 9/9
  6874 | D:7      | Noticed Maggie
  6900 | D:7      | Killed Maggie
  6901 | D:7      | Reached skill level 10 in Maces & Flails
  7745 | D:7      | Found Horem's Antique Weapon Shoppe.
  7821 | D:7      | Found a large runed translucent door.
  7841 | D:7      | Bought a dazzling whip for 187 gold pieces
  7841 | D:7      | Identified the +5 whip of Terra Nullius {freeze, Will+}
                  | (You bought it in a shop on level 7 of the Dungeon)
  7862 | D:7      | Found a large runed translucent door.
  7914 | D:7      | Found an opulent altar of Gozag.
  7919 | D:7      | Found a shimmering blue altar of Sif Muna.
  7983 | D:8      | Reached skill level 11 in Maces & Flails
  8287 | D:9      | Reached skill level 12 in Maces & Flails
  8287 | D:9      | Reached XP level 10. HP: 71/104 MP: 10/10
  8741 | D:8      | Found a staircase to the Lair.
  9107 | D:8      | Identified the +1 rapier of Instinct {antimagic, *Noise rC+
                  | Int+3}
  9120 | D:8      | Reached skill level 13 in Maces & Flails
  9168 | D:8      | Found an ancient bone altar of Kikubaaqudgha.
  9526 | D:8      | Identified the +8 dagger of Law {flame, rF+ rC+ Str-2
                  | Int+2}
  9600 | D:8      | Noticed a centaur warrior
  9607 | D:8      | HP: 1/104 [centaur warrior/arrow (25)]
  9607 | D:8      | Shot with an arrow by a centaur warrior

Illustrated notes

Levels and vault maps discovered:
D:1:      dpeg_arrival_tiny_j, layout_rooms, serial_corexii_hall,
          chequers_hall_statues_corner_a, chequers_hall_statues_wall_a
D:2:      layout_basic, uniq_terence, uniq_crazy_yiuf_cottage, uniq_jessica
D:3:      layout_loops_cross, nicolae_overflow_crystal_walls,
          gammafunk_ghost_necromancy
D:4:      layout_basic, mainiacjoe_overflow_surrounded_room,
          nicolae_ru_sacrificial_ziggurat, enter_ossuary_4,
          cheibrodos_sewer_entry_sluice, roderic_lattice_a,
          chequers_serial_rivers_room_b, uniq_ijyb
D:5:      layout_cave_pods
D:6:      layout_loops_ring, overflow_temple_1_default,
          mainiacjoe_overflow_tiny_flanked, minmay_temple_entry_nine_rooms,
          uniq_edmund, uniq_sigmund
D:7:      layout_rooms, jmf_multi_god_temple2, serial_shops,
          nicolae_shop_competitors_out_of_business, kennysheep_boxes,
          uniq_maggie
D:8:      minmay_cornered_nines, layout_rooms,
          lemuel_mausoleum_altar_kikubaaqudgha, due_lair_maze_entry_diamond
D:9:      layout_gridville, minmay_orc_entry_temple_small

Skill      XL: |  1  2  3  4  5  6  7  8  9 10 |
---------------+-------------------------------+-----
Maces & Flails | 3 4 5 6 7 9 12 13 | 13.6
Fighting       | 5 6 7 8 |  8.2
Dodging        | |  2.6

Action                     |  1- 3 |  4- 6 |  7- 9 | 10-12 || total
---------------------------+-------+-------+-------+-------++-------
  Melee: Mace              |    64 |   195 |    37 |       ||   296
         Punch             |     1 |     1 |       |     2 ||     4
         Giant club        |       |       |    62 |       ||    62
         Dire flail        |       |       |   136 |       ||   136
         Whip              |       |       |    70 |   171 ||   241
  Throw: Dart              |       |       |     3 |       ||     3
 Invoke: Berserk           |     3 |    10 |    11 |     5 ||    29
         Trog's Hand       |       |     1 |     4 |       ||     5
    Use: Potion            |       |       |       |     1 ||     1
   Stab: Sleeping          |       |     1 |       |       ||     1
         Distracted        |       |       |     1 |       ||     1
 Armour: Animal skin       |    21 |    57 |    17 |       ||    95
         Robe              |       |       |    39 |       ||    39
         Steam dragon scal |       |       |    38 |    37 ||    75
  Dodge: Dodged            |    32 |   102 |   112 |    67 ||   313

Table legend: (Time is in decaauts)
 A = Elapsed time spent in this place.
 B = Non-inter-level travel time spent in this place.
 C = Inter-level travel time spent in this place.
 D = Time resting spent in this place.
 E = Time spent auto-exploring this place.
 F = Levels seen in this place.
 G = Mean time per level.
                   A        B        C        D        E       F      G
               +--------+--------+--------+--------+--------+-----+--------+
         Total |   9753 |   9542 |    211 |   3538 |   4562 |   9 | 1083.7 |
       Dungeon |   9753 |   9542 |    211 |   3538 |   4562 |   9 | 1083.7 |
               +--------+--------+--------+--------+--------+-----+--------+

Top non-repeatable levels by time:
     D:5: 1814 daAuts
     D:7: 1434 daAuts
     D:2: 1353 daAuts
     D:4: 1244 daAuts
     D:8: 1233 daAuts
     D:6: 1103 daAuts
     D:3: 838 daAuts
     D:1: 652 daAuts
     D:9: 80 daAuts
